Map: The Shattered Temple

Players

sEBARu - Winner!

  • Race: Zerg Zerg
  • League: Silver
  • Spawn Location: 3:00

dydy

  • Race: Protoss Protoss
  • League: Gold
  • Spawn Location: 12:00

BeauSuc

  • Race: Terran Terran
  • Spawn Location: 9:00

A.I. 3 (Hard) - Winner!

  • Race: Protoss Protoss
  • Spawn Location: 6:00

VOD

Have the link to the VOD?

Description

Time

  • Played on: Oct. 14, 2018, 2:33 p.m.
  • Length: 15:57
Show
View Real Time Build Order
Export as new Build Order

sEBARu Zerg - Winner!

Build Orders: Pool First, Lurkers 

Get SALT Encoding   

  12  0:04  Drone  
  13  0:27  Spawning Pool  
  12  0:29  Drone  
  12  0:31  Drone  
  14  0:40  Overlord  
  14  1:07  Hatchery  
  13  1:29  Drone x3  
  16  1:35  Extractor  
  16  1:37  Queen  
  17  1:49  Zergling x2  
  18  1:54  Drone  
  19  2:12  Drone  
  20  2:15  Extractor  
  20  2:17  Zergling x2  
  20  2:19  Queen  
  22  2:37  Roach Warren  
  22  2:39  Lair  
  21  2:55  Drone x2  
  21  2:56  Drone x3  
  21  2:57  Drone  
  27  3:18  Drone, Spore Crawler  
  27  3:20  Overlord  
  27  3:23  Drone  
  28  3:38  Drone x2  
  28  3:39  Drone x2  
  32  3:41  Drone  
  33  3:55  Zergling x6  
  36  4:37  Nydus Network  
  35  4:39  Drone  
  35  4:42  Overlord x2, Extractor  
  35  5:00  Queen  
  37  5:16  Spore Crawler  
  37  5:18  Spine Crawler  
  37  5:20  Drone x2  
  37  5:21  Drone x7  
  41  5:22  Drone x3  
  47  5:36  Queen  
  49  5:43  Extractor  
  48  5:55  Hydralisk Den  
  47  6:34  Drone x2  
  47  6:35  Drone  
  47  6:36  Hydralisk  
  47  6:37  Overlord  
  47  6:38  Overlord x6  
  52  7:08  Lurker Den  
  51  7:23  Hydralisk x4  
  51  7:24  Hydralisk  
  61  7:35  Hydralisk x3  
  61  7:36  Hydralisk x7  
  61  7:37  Hydralisk x2  
  77  7:40  Queen  
  87  7:51  Evolution Chamber  
  87  7:53  Evolution Chamber  
  85  8:02  Zergling x12  
  85  8:03  Zergling x4  
  93  8:10  Overlord  
  93  8:12  Overlord  
  93  8:25  Queen  
  95  8:32  Pneumatized Carapace  
  95  8:37  Lurker x5  
  95  8:38  Lurker x4  
  95  8:40  Lurker  
  105  8:58  Overseer x3  
  105  9:05  Hydralisk x3  
  105  9:06  Hydralisk  
  113  9:12  Zerg Missile Weapons Level 1  
  113  9:48  Nydus Canal  
  77  11:25  Hydralisk x3  
  73  11:26  Zergling x2, Hydralisk x2  
  73  11:27  Zergling x10  
  73  11:28  Roach x8  
  103  12:03  Hydralisk x7  
  103  12:04  Hydralisk x3  
  123  12:10  Overlord x4  
  123  12:23  Nydus Canal  
  121  13:10  Hydralisk x5  
  121  13:11  Hydralisk x2  
  135  13:27  Nydus Canal  
  135  13:42  Nydus Canal  
  101  14:45  Drone  
  101  14:46  Drone x9  
  101  14:47  Drone x5  
  116  14:59  Nydus Canal  
Show
View Real Time Build Order
Export as new Build Order

dydy Protoss 

Build Orders: Blink Stalkers 

Get SALT Encoding   

  1  0:00  Probe  
  12  0:06  Probe  
  14  0:22  Pylon  
  14  0:29  Probe  
  15  0:36  Assimilator  
  15  0:41  Probe  
  16  0:50  Gateway  
  16  0:59  Probe  
  18  1:11  Probe  
  18  1:16  Gateway  
  18  1:20  Probe  
  19  1:29  Probe  
  19  1:32  Assimilator  
  20  1:49  Cybernetics Core  
  20  1:57  Pylon  
  20  1:59  Probe  
  21  2:05  Zealot  
  23  2:12  Probe  
  24  2:23  Probe  
  25  2:32  Warp Gate  
  25  2:33  Probe  
  26  2:38  Stalker  
  28  2:49  Stalker  
  30  2:59  Twilight Council  
  29  3:12  Stalker  
  31  3:15  Nexus  
  31  3:30  Pylon  
  31  3:36  Blink  
  32  3:48  Probe  
  32  4:00  Probe  
  32  4:02  Gateway  
  33  4:09  Stalker  
  35  4:12  Probe  
  35  4:16  Stalker  
  38  4:24  Probe  
  39  4:37  Probe  
  40  4:39  Gateway, Stalker  
  40  4:43  Pylon  
  42  4:48  Gateway  
  42  4:50  Probe  
  42  4:58  Probe  
  43  5:01  Probe  
  45  5:08  Probe  
  45  5:09  Probe  
  47  5:26  Probe  
  47  5:29  Pylon  
  47  5:34  Probe  
  48  5:36  Pylon  
  49  5:43  Probe  
  49  5:47  Charge  
  50  5:55  Probe  
  51  5:57  Robotics Facility  
  51  5:59  Probe  
  51  6:00  Pylon  
  52  6:06  Gateway x2  
  52  6:07  Probe  
  52  6:08  Probe  
  52  6:09  Gateway  
  54  6:14  Assimilator  
  54  6:16  Probe  
  54  6:17  Stalker  
  56  6:20  Probe  
  58  6:28  Probe  
  58  6:30  Forge  
  59  6:34  Robotics Facility  
  59  6:35  Probe  
  60  6:45  Assimilator  
  60  6:47  Probe  
  60  6:50  Pylon  
  60  6:52  Stalker x2, Pylon  
  65  7:21  Nexus  
  65  7:24  Assimilator  
  65  7:27  Probe  
  65  7:28  Assimilator  
  66  7:33  Probe, Pylon  
  67  7:39  Probe  
  67  7:41  Protoss Ground Weapons Level 1  
  67  7:43  Immortal  
  72  7:45  Probe  
  73  7:51  Probe  
  73  7:54  Robotics Bay  
  73  7:56  Gateway  
  73  7:57  Probe  
  75  8:03  Probe  
  76  8:09  Stalker x2, Probe  
  76  8:10  Stalker  
  83  8:15  Probe  
  84  8:21  Probe  
  85  8:41  Forge  
  85  8:45  Pylon  
  85  8:58  Gateway  
  85  8:59  Gateway  
  85  9:01  Gateway  
  85  9:03  Gateway  
  85  9:04  Probe  
  86  9:12  Stalker  
  86  9:13  Stalker x3  
  86  9:14  Stalker  
  86  9:16  Probe  
  97  9:26  Colossus  
  103  9:38  Gateway  
  103  9:39  Gateway  
  103  9:40  Gateway  
  103  10:07  Immortal  
  107  10:16  Stargate  
  107  10:21  Stargate  
  107  10:23  Stargate  
  101  10:29  Stalker x4  
  104  10:47  Observer  
  104  11:02  Stalker x2  
  46  11:27  Stalker x2  
  46  11:28  Stalker x2  
  46  11:31  Stalker  
  45  11:56  Stalker x5  
  45  11:57  Stalker  
  57  12:26  Cybernetics Core  
  57  12:30  Pylon  
  57  12:31  Pylon  
  57  12:34  Pylon  
  57  12:40  Pylon  
  57  12:41  Pylon  
  57  12:42  Pylon  
  57  12:44  Pylon  
  57  13:11  Robotics Facility  
  57  13:14  Stalker x5, Robotics Facility  
  57  13:15  Stalker  
  50  14:15  Observer  
  27  14:25  Stalker  
  27  14:26  Stalker x2  
  27  14:27  Stalker  
Show
View Real Time Build Order
Export as new Build Order

BeauSuc Terran 

Build Orders: Reaper Expand 

Get SALT Encoding   

  12  0:01  SCV  
  13  0:15  SCV  
  14  0:24  Supply Depot  
  14  0:27  SCV  
  15  0:46  Refinery  
  15  0:48  Refinery  
  15  0:55  Barracks  
  15  1:02  SCV  
  16  1:15  SCV  
  17  1:44  Marine  
  17  1:46  Command Center  
  18  1:57  Barracks  
  18  2:08  SCV  
  19  2:17  Reaper  
  19  2:20  SCV  
  21  2:32  SCV  
  22  2:45  SCV  
  22  2:49  Barracks Reactor  
  23  2:53  Supply Depot  
  24  2:58  Orbital Command, Reaper  
  24  3:01  SCV  
  25  3:06  Refinery  
  25  3:13  SCV  
  26  3:25  SCV  
  26  3:26  Marine x2  
  29  3:31  Marine  
  30  3:49  Marine  
  30  4:25  Marine x2  
  30  4:27  Marine  
  30  4:30  SCV  
  34  4:33  Supply Depot  
  34  4:42  SCV, Factory  
  34  4:43  Marine x2  
  37  4:47  Barracks Reactor  
  37  4:54  SCV  
  38  5:10  Marine  
  38  5:11  Marine  
  40  5:24  Marine x2  
  42  5:28  Marine x2  
  42  5:29  Factory Tech Lab  
  42  5:33  Starport  
  44  5:36  Orbital Command  
  44  5:53  Marine x2  
  46  6:12  Marine x3  
  46  6:13  Marine  
  46  6:14  Command Center  
  50  6:23  Siege Tank  
  53  6:28  Medivac  
  55  6:34  Armory  
  55  6:39  Engineering Bay  
  55  6:41  Marine  
  44  6:55  Siege Tank  
  44  6:58  Medivac  
  49  7:06  Engineering Bay  
  49  7:07  Marine x2  
  51  7:08  Marine  
  51  7:09  Marine  
  53  7:23  Armory  
  53  7:28  SCV  
  54  7:31  SCV  
  55  7:40  SCV  
  55  7:44  SCV  
  57  7:45  SCV  
  58  7:52  SCV  
  58  7:53  Terran Infantry Weapons Level 1  
  58  7:54  Terran Infantry Armor Level 1  
  58  7:56  SCV  
  58  7:57  SCV  
  61  8:02  Refinery  
  61  8:04  SCV  
  61  8:05  Marine x2  
  64  8:08  SCV, Marine  
  64  8:09  SCV, Marine  
  68  8:17  SCV  
  69  8:20  SCV  
  69  8:21  SCV  
  69  8:23  Marine  
  69  8:26  Marine  
  69  8:27  Marine  
  73  8:33  SCV  
  75  8:38  SCV  
  76  8:50  SCV  
  76  8:55  Supply Depot  
  77  9:02  SCV  
  78  9:05  Marine x2  
  78  9:07  Marine x2  
  82  9:12  Hellion  
  82  9:14  SCV  
  85  9:18  Supply Depot  
  85  9:23  Marine x2  
  87  9:24  Marine  
  87  9:25  Marine  
  87  9:26  SCV  
  87  9:28  Refinery  
  90  9:32  Refinery  
  90  9:33  Hellion, SCV  
  93  9:45  SCV  
  93  9:47  Barracks  
  94  9:54  Hellion  
  94  9:56  Terran Vehicle Weapons Level 1  
  94  9:57  Terran Vehicle And Ship Armor Level 1  
  96  10:05  Starport Tech Lab  
  96  10:09  Factory  
  96  10:12  Terran Infantry Weapons Level 2  
  96  10:21  Terran Infantry Armor Level 2  
  96  10:37  Barracks  
  61  11:28  Marine x2  
  61  11:31  Marine x2  
  61  11:37  Barracks Reactor  
  61  11:39  Barracks Tech Lab  
  61  11:45  Marine  
  61  11:46  Marine  
  63  11:49  Marine x2  
  65  12:00  Marine  
  66  12:03  Marine x2  
  66  12:07  Marine x2  
  70  12:18  Marine  
  70  12:21  Marine x2  
  73  12:25  Marine x2  
  75  12:36  Marine  
  76  12:42  Marine x2  
  78  12:54  Marine  
  79  12:59  Marine  
  79  13:00  Marine  
  79  13:05  Factory Tech Lab  
  81  13:12  Marine  
  82  13:17  Marine x2, Factory Tech Lab  
  84  13:34  Marine  
  84  13:35  Marine x2  
  84  13:37  Marine  
  84  13:38  Marine  
  84  13:39  Marine x2  
  91  13:52  Marine  
  91  13:53  Marine x2  
  91  13:55  Marine x2  
  94  13:56  Marine  
  94  13:57  Marine  
  98  14:10  Marine  
  98  14:11  Marine x2  
  98  14:13  Marine x2  
  98  14:14  Marine x2  
  103  14:28  Marine x2  
  103  14:29  Marine  
  103  14:31  Marine x2  
  99  14:32  Marine x2  
  99  14:33  Supply Depot  
  103  14:39  Supply Depot  
  103  14:46  Marine  
  104  14:56  Supply Depot  
Show
View Real Time Build Order
Export as new Build Order

A.I. 3 (Hard) Protoss - Winner!

Build Orders:  

Get SALT Encoding   

  12  0:01  Probe  
  13  0:13  Probe  
  14  0:21  Pylon  
  14  0:25  Probe  
  15  0:35  Probe  
  16  0:43  Probe  
  17  0:50  Assimilator  
  17  0:52  Probe  
  17  0:53  Gateway  
  18  1:00  Probe  
  18  1:02  Pylon  
  19  1:25  Probe  
  20  1:40  Zealot  
  20  1:44  Cybernetics Core  
  20  1:45  Gateway  
  22  1:51  Assimilator  
  22  2:08  Pylon  
  22  2:19  Stalker  
  24  2:29  Warp Gate  
  24  2:34  Adept  
  26  2:46  Zealot  
  28  2:58  Pylon  
  28  3:03  Stalker  
  30  3:13  Stalker  
  32  3:27  Probe  
  32  3:33  Stalker  
  35  3:39  Probe  
  36  3:46  Stalker  
  36  3:47  Pylon  
  38  3:51  Probe  
  39  4:01  Probe  
  39  4:02  Forge  
  39  4:03  Adept  
  39  4:09  Probe  
  41  4:16  Stalker  
  44  4:18  Probe  
  45  4:30  Probe  
  46  6:11  Protoss Ground Weapons Level 1  
  46  6:21  Sentry  
  46  6:23  Gateway  
  48  6:25  Robotics Facility  
  48  6:28  Pylon  
  48  6:31  Stalker  
  48  6:32  Photon Cannon, Nexus  
  50  6:35  Twilight Council  
  50  6:37  Photon Cannon  
  50  6:39  Forge  
  50  6:41  Stalker  
  50  6:43  Stargate  
  48  6:54  Sentry  
  40  7:04  Zealot  
  40  7:06  Protoss Ground Armor Level 1  
  42  7:09  Observer  
  42  7:12  Blink  
  43  7:17  Stalker  
  45  7:26  Observer  
  45  7:27  Stalker  
  47  7:37  Adept  
  49  7:40  Probe  
  49  7:46  Probe  
  49  7:47  Stalker  
  49  7:48  Probe  
  53  7:53  Assimilator  
  53  7:56  Pylon  
  53  7:57  Stalker  
  53  7:58  Probe x2  
  58  8:07  Zealot  
  58  8:09  Pylon  
  58  8:10  Probe x2  
  62  8:18  Probe  
  62  8:22  Probe  
  62  8:27  Probe  
  64  8:29  Photon Cannon  
  65  8:34  Probe  
  65  8:38  Photon Cannon  
  65  8:39  Probe  
  67  8:46  Probe  
  68  8:51  Probe  
  69  8:58  Probe  
  70  9:03  Probe  
  70  9:09  Probe  
  72  9:37  Assimilator  
  72  9:55  Probe  
  73  10:00  Probe  
  73  10:03  Probe  
  75  10:40  Warp Prism  
  75  10:44  Protoss Ground Weapons Level 2  
  75  10:56  Gateway  
  77  10:59  Templar Archives  
  77  11:03  Robotics Bay  
  73  11:07  Robotics Facility  
  73  11:08  Protoss Ground Armor Level 2, Stargate  
  73  11:09  Zealot  
  69  11:14  Pylon  
  69  11:16  Warp Prism  
  69  11:23  Fleet Beacon  
  65  11:35  Nexus  
  65  11:37  High Templar  
  67  11:47  High Templar  
  67  11:52  Observer  
  67  11:53  Warp Prism  
  72  11:57  Archon  
  72  11:58  High Templar  
  74  12:07  Carrier  
  80  12:15  Observer Gravitic Boosters  
  80  12:17  Disruptor  
  83  12:29  Disruptor  
  86  12:38  High Templar  
  88  12:47  Probe  
  88  12:49  Probe  
  88  12:50  Archon, Probe, High Templar  
  93  12:59  Probe  
  93  13:00  Protoss Shields Level 1  
  93  13:01  Probe, High Templar  
  93  13:02  Probe  
  98  13:05  Pylon  
  98  13:07  Gravitic Drive  
  98  13:08  Assimilator  
  98  13:12  Archon, Probe, Pylon, High Templar  
  101  13:13  Probe  
  101  13:15  Probe  
  101  13:18  Assimilator  
  103  13:23  High Templar  
  103  13:24  Probe  
  103  13:26  Protoss Air Weapons Level 1, Probe  
  107  13:27  Probe  
  107  13:32  Photon Cannon  
  107  13:33  Archon  
  108  13:36  Probe  
  108  13:38  Probe  
  108  13:39  Probe  
  111  14:09  Dark Shrine  
  111  14:37  Colossus  
  117  14:41  Pylon  
  117  14:43  Zealot  
  119  14:49  Stalker  
  121  14:55  Stalker  
  121  14:56  Archon  
  123  15:01  Sentry  
  123  15:05  Pylon  
  123  15:06  Adept  
  127  15:12  Immortal  
  135  15:29  Stalker, Pylon  
  135  15:35  Zealot  
  135  15:41  Zealot  
Tags
 
Add a new tag
Caveats
  • Supply blocks, unpowered buildings, or Contaminate may cause inaccurate times.
  • Supply counts are checked every 10 seconds.